 Dungeon Crawl Stone Soup version 0.30.2 (webtiles) character file.

Game seed: 5355751090461389111

137 porpoise the Shooter (level 5, -4/46 HPs)
             Began as a Minotaur Hunter on Mar 30, 2024.
             Killed by nerve-wracking pain
             ... invoked by Grinder
              (8 damage)
             ... on level 4 of the Dungeon.
             The game lasted 00:04:42 (2170 turns).

porpoise the Shooter (Minotaur Hunter)              Turns: 2170, Time: 00:04:43

Health: -4/46      AC:  3    Str: 16    XL:     5   Next: 0%
Magic:  4/4        EV: 12    Int:  6    God:
Gold:   173        SH:  0    Dex: 15    Spells: 4/4 levels left

rFire   . . .        a - +0 shortbow
rCold   . . .        (shield currently unavailable)
rNeg    . . .        c - +0 leather armour
rPois   .            (helmet restricted)
rElec   .            (no cloak)
rCorr   .            (no gloves)
SInv    .            (no boots)
Will    .....        (no amulet)
Stlth   +            (no ring)
HPRegen 0.27/turn    (no ring)
MPRegen 0.09/turn

%: no passive effects
@: no status effects
A: horns 2, retaliatory headbutt
a: no special abilities


You were on level 4 of the Dungeon.
You visited 1 branch of the dungeon, and saw 4 of its levels.

You collected 173 gold pieces.

Inventory:

Hand Weapons
 a - a +0 shortbow (weapon)
Missiles
 d - 8 boomerangs
 o - 5 poisoned darts
Armour
 c - a +0 leather armour (worn)
 s - the +4 robe of Augmentation {Str+4 Int+4 Dex+4}
   (You found it on level 4 of the Dungeon)

   Str:       It affects your strength (+4).
   Int:       It affects your intelligence (+4).
   Dex:       It affects your dexterity (+4).
Jewellery
 g - an amulet of faith
Wands
 t - a wand of flame (19)
Scrolls
 b - a scroll of immolation
 i - 2 scrolls of teleportation {unknown}
 j - a scroll of vulnerability {unknown}
 l - a scroll of summoning {unknown}
 m - 2 scrolls of magic mapping {unknown}
 p - 2 scrolls of noise {unknown}
 q - a scroll of blinking {unknown}
 r - a scroll of enchant weapon {unknown}
 u - a scroll of torment {unknown}
 v - a scroll of fog {unknown}
Potions
 e - 2 potions of curing
 f - a potion of attraction
 h - 4 potions of heal wounds
 k - 2 potions of might
 n - a potion of haste {unknown}


   Skills:
 + Level 4.1 Fighting
 * Level 6.2 Ranged Weapons
 - Level 2.1 Dodging
 - Level 0.7 Stealth


You had 4 spell levels left.
You didn't know any spells.
Your spell library was empty.

Dungeon Overview and Level Annotations

Branches:
Dungeon (4/15)
 Temple: D:4-7

Altars:
Trog

Shops:
D:1 !   D:2 (

Annotations:
D:2 Sigmund
D:4 Grinder


Innate Abilities, Weirdness & Mutations

You have a pair of horns on your head.
You reflexively headbutt those who attack you in melee.


Message History

You shoot an arrow. The arrow hits Grinder!
Grinder is heavily wounded.
Grinder says, "Make like a tree!"
You shoot an arrow. The arrow barely misses Grinder.
You shoot an arrow.
The arrow hits Grinder but does no damage.
Grinder is heavily wounded.
Grinder hits you!
You writhe in agony.
You shoot an arrow. The arrow barely misses Grinder.
Grinder gestures at you. Pain shoots through your body!
An endoplasm comes into view.
Grinder gestures at you. Pain shoots through your body!
You are too injured to fight recklessly!
You are too injured to fight recklessly!
You are too injured to fight recklessly!
You are too injured to fight recklessly!
You shoot an arrow. The endoplasm quivers.
The arrow hits Grinder.
Grinder is severely wounded.
Grinder hits you!
You writhe in agony.
* * * LOW HITPOINT WARNING * * *
You shoot an arrow. The arrow closely misses Grinder.
The arrow hits the endoplasm!
You kill the endoplasm!
Grinder hits you but does no damage.
You have reached level 5!
You shoot an arrow. The arrow hits Grinder!
Grinder is almost dead.
Grinder hits you.
* * * LOW HITPOINT WARNING * * *
You writhe in agony.
* * * LOW HITPOINT WARNING * * *
You shoot an arrow. The arrow hits Grinder.
Grinder is almost dead.
Grinder gestures at you. Pain shoots through your body!
You die...

....... #..............
........ #..............
.......###..............
...................#####
>......###.#.......#
....... #..#.......#
.......##..#.......#
.#....5#...#########
.......@.#.##
..######....###
###.........##
##............##
#..............#
...............#
#.#............# #
##..........##
##...##...##


You could see Grinder.

Vanquished Creatures
  An iguana (D:4)
  3 gnolls (D:3)
  2 adders
  A dart slug (D:2)
  2 orcs (D:4)
  4 ball pythons
  6 endoplasms
  4 giant cockroaches
  8 goblins
  5 hobgoblins
  3 kobolds (D:2)
  2 quokkas
  4 bats
  5 frilled lizards
  8 rats
58 creatures vanquished.

Notes
Turn   | Place    | Note
-------+----------+-------------------------------------------
     0 | D:1      | porpoise the Minotaur Hunter began the quest for the Orb.
     0 | D:1      | Reached XP level 1. HP: 18/18 MP: 0/0
   131 | D:1      | Found Zeliaj's Distillery.
   261 | D:1      | Reached XP level 2. HP: 25/25 MP: 1/1
   612 | D:2      | Reached skill level 5 in Ranged Weapons
   735 | D:2      | Reached XP level 3. HP: 31/31 MP: 2/2
   930 | D:2      | Noticed Sigmund
  1132 | D:2      | Found Unotes's Antique Weapon Boutique.
  1239 | D:2      | Found a faded altar of an unknown god.
  1729 | D:3      | Reached XP level 4. HP: 31/39 MP: 3/3
  1914 | D:3      | Reached skill level 6 in Ranged Weapons
  2009 | D:3      | Found a bloodstained altar of Trog.
  2061 | D:4      | Found the +4 robe of Augmentation {Str+4 Int+4 Dex+4}
  2159 | D:4      | Noticed Grinder
  2169 | D:4      | Reached XP level 5. HP: 10/46 MP: 4/4
  2170 | D:4      | Killed from afar by Grinder

Illustrated notes

Levels and vault maps discovered:
D:1:      giann_wishing_wells, layout_rooms, serial_shops, shop
D:2:      layout_loops_corners, hellmonk_ecumenical_altar_inner_sanctum,
          serial_shops, nicolae_shop_hallway_stairs, minmay_heptomino_d4,
          uniq_sigmund
D:3:      layout_rooms, mainiacjoe_overflow_surrounded_room
D:4:      layout_rooms, minmay_pentomino_pile, uniq_grinder

Skill      XL: |  1  2  3  4 |
---------------+-------------+-----
Fighting       | 3 4 |  4.1
Ranged Weapons | 5 6 |  6.2
Dodging        | |  2.1
Stealth        | |  0.7

Action                     |  1- 3 |  4- 6 || total
---------------------------+-------+-------++-------
   Fire: Shortbow          |   145 |    34 ||   179
    Use: Scroll            |     4 |       ||     4
 Armour: Leather armour    |    21 |     1 ||    22
  Dodge: Dodged            |    39 |     9 ||    48
